Capitals vs Stars
Created - 24 février 2015 at 21:44
Goals
|
Capitals |
1 |
2 |
2 |
5 |
Stars |
1 |
1 |
4 |
6 |
|
Shots
|
Capitals |
8 |
10 |
12 |
30 |
Stars |
7 |
9 |
14 |
30 |
|
1st period
1. Stars , Shane Doan 17 (Patrick Sharp) at 8:23
2. Capitals , Thomas Vanek 30 (Jarome Iginla, Ryan Getzlaf) at 15:30
Penalties :
Alexei Morozov (Dal) for Interference (Minor) at 9:52, Thomas Vanek (Was) for Hooking (Minor) at 13:12, Jarome Iginla (Was) for Hooking (Minor) at 18:31
2nd period
3. Capitals , Chris Phillips 2 (Paul Stastny, Anton Volchenkov) at 6:26
4. Capitals , Chris Kunitz 11 (Paul Stastny) at 7:29
5. Stars , Ryan Malone 2 (Evgeny Artyukhin, Éric Belanger) at 17:04
Penalties :
Zdeno Chara (Was) for Interference (Minor) at 7:44, Brent Seabrook (Was) for Slashing (Minor) at 12:03, Daniel Sedin (Dal) for Hooking (Minor) at 17:45
3rd period
6. Capitals , Nicklas Backstrom 32 (Jarome Iginla) at 0:04
7. Stars , Henrik Sedin 34 (Alexei Morozov, Pavel Kubina) at 2:50
8. Stars , John Tavares 21 (Shane Doan, Brendan Bell) at 5:47
9. Capitals , Thomas Vanek 31 (Chris Phillips, Jarome Iginla) at 6:32 (PP)
10. Stars , Alexei Morozov 30 (Daniel Sedin, Henrik Sedin) at 13:08
11. Stars , Matthew Spiller 1 (Daniel Sedin, Alexei Morozov) at 14:28
Penalties :
Alexei Morozov (Dal) for Hooking (Minor) at 5:57, Shane Doan (Dal) for Hooking (Minor) at 7:20, Thomas Vanek (Was) for Hooking (Minor) at 16:00
Goalie Stats
Jaroslav Halak (Was), 24 saves from 30 shots - (0,800), L, 19-19-2, 60:00 minutes
Pascal Leclaire (Dal), 15 saves from 19 shots - (0,789), 40:04 minutes
Patrick Lalime (Dal), 10 saves from 11 shots - (0,909), W, 6-5-2, 19:56 minutes
Players Stats for Capitals
Player Name G A P +/- PIM S H SB GA TA FO MP PP MP PK MP
------------------------------------------------------------------------------------
Adam Hall 0 0 0 -1 0 0 0 1 1 0 0/1 7:35 0:06 1:54
Ales Hemsky 0 0 0 0 0 0 3 0 0 0 0/1 11:17 0:06 0:00
Andy Rogers 0 0 0 -3 0 0 0 2 0 1 0/0 13:31 0:00 2:06
Anton Volchenkov 0 1 1 2 0 0 1 0 0 0 0/0 19:37 3:16 3:35
Brent Seabrook 0 0 0 2 2 1 0 2 0 7 0/0 18:37 3:16 2:49
Bryce Salvador 0 0 0 0 0 0 1 0 0 0 0/0 4:00 0:00 0:00
Chris Kunitz 1 0 1 0 0 1 0 1 0 0 0/0 15:06 0:00 4:21
Chris Phillips 1 1 2 -3 0 4 0 0 0 0 0/0 20:34 3:16 6:11
Jarome Iginla 0 3 3 0 2 3 1 0 0 0 2/3 22:55 3:21 4:16
Loui Eriksson 0 0 0 -1 0 2 2 1 0 1 0/0 16:57 3:05 0:21
Nicklas Backstrom 1 0 1 -2 0 6 3 0 2 0 15/30 22:37 3:27 0:39
Paul Stastny 0 2 2 0 0 0 2 3 0 0 3/5 13:27 0:00 2:40
Phil Kessel 0 0 0 -1 0 1 0 0 1 0 1/2 15:24 3:05 0:00
Ryan Getzlaf 0 1 1 0 0 3 3 0 0 1 10/24 20:56 3:05 5:39
Ryan Suter 0 0 0 -1 0 1 2 1 0 1 0/0 15:40 0:00 0:00
Scott Parse 0 0 0 -1 0 0 0 0 0 0 0/0 4:14 0:00 0:00
Thomas Vanek 2 0 2 0 4 6 2 1 2 0 1/3 18:22 3:21 0:00
Zdeno Chara 0 0 0 -1 2 2 1 3 0 0 0/0 29:11 3:16 5:09
Players Stats for Stars
Player Name G A P +/- PIM S H SB GA TA FO MP PP MP PK MP
------------------------------------------------------------------------------------
Alexei Morozov 1 2 3 2 4 3 2 0 1 0 0/1 20:12 5:01 0:00
Brendan Bell 0 1 1 2 0 1 3 1 0 1 0/0 16:56 0:00 3:30
Bryan Berard 0 0 0 1 0 1 0 0 0 0 0/0 14:49 4:06 0:00
Daniel Cleary 0 0 0 0 0 0 1 0 1 1 0/0 8:58 0:09 1:45
Daniel Sedin 0 2 2 2 2 1 0 1 1 0 1/1 20:00 5:07 0:16
Éric Belanger 0 1 1 -2 0 1 0 2 0 0 2/4 12:55 0:05 1:45
Evgeny Artyukhin 0 1 1 -2 0 1 3 0 1 0 0/0 10:00 0:00 0:00
Filip Novak 0 0 0 2 0 1 0 1 0 0 0/0 13:06 0:00 3:02
Henrik Sedin 1 1 2 2 0 6 0 0 1 1 15/31 19:44 5:07 0:00
Jan Hlavac 0 0 0 0 0 2 0 0 0 0 1/1 11:08 0:02 4:06
John Tavares 1 0 1 2 0 4 1 2 0 0 9/12 16:59 4:43 0:41
Mark Streit 0 0 0 2 0 0 0 1 1 1 0/0 17:17 5:49 0:00
Marty Reasoner 0 0 0 0 0 1 1 1 0 0 7/16 10:22 0:00 4:06
Matthew Spiller 1 0 1 -2 0 2 1 0 0 1 0/0 29:37 4:06 3:30
Patrick Sharp 0 1 1 2 0 0 1 0 2 0 1/2 16:46 4:46 0:25
Pavel Kubina 0 1 1 -1 0 2 2 3 1 1 0/0 28:15 5:49 3:02
Ryan Malone 1 0 1 -2 0 3 0 1 0 0 0/0 10:00 0:00 0:00
Shane Doan 1 1 2 2 2 1 1 0 2 0 1/1 16:20 4:45 0:00
3 Stars
1 - Henrik Sedin (Dal)
2 - Alexei Morozov (Dal)
3 - John Tavares (Dal)
Power Play
Capitals - 1 on 4 Attempt(s) - 25,00%
Stars - 0 on 5 Attempt(s) - 0,00%
Penalty Kill
Capitals - 5 on 5 Attempt(s) - 100,00%
- Score 0 goal in Penalty Kill
Stars - 3 on 4 Attempt(s) - 75,00%
- Score 0 goal in Penalty Kill
Team Stat
Capitals - Hits : 21 - Faceoff Wins : 32 - Blocked Shots : 15 - Penalty Minutes : 10
Stars - Hits : 16 - Faceoff Wins : 37 - Blocked Shots : 13 - Penalty Minutes : 8
Official
Referees : Auger Stephane and Fraser Kerry
Linesman : Vaughan Rody and Jonny Murray
Game Notes
Patrick Lalime enters game at 0:04 of 3rd period
14:28 of 3rd period - Stars goal is going for a video replay. After video review, Goal.
Finance
Level 1 -- Attendance: 5585 (93,08%) -- Ticket Income 469 140 $
Level 2 -- Attendance: 4857 (97,14%) -- Ticket Income 252 564 $
Level 3 -- Attendance: 1950 (97,50%) -- Ticket Income 58 500 $
Level 4 -- Attendance: 3916 (97,90%) -- Ticket Income 74 404 $
Luxury Box -- Attendance: 854 (85,40%) -- Ticket Income 144 326 $
Game was played at the American Airlines Center'
Total Attendance: 17162 (95,34%)
Total Ticket Income: 998 934 $
Other Income: 149 840 $
Total Income: 1 148 774 $
Capitals
5 vs 5 Forward
Center Left Wing Right Wing Time % Phy DF OF
1 Nicklas Backstrom Thomas Vanek Jarome Iginla 40 1 2 2
2 Ryan Getzlaf Loui Eriksson Phil Kessel 30 1 2 2
3 Paul Stastny Chris Kunitz Ales Hemsky 25 1 2 2
4 Nicklas Backstrom Scott Parse Adam Hall 5 1 2 2
5 vs 5 Defense
Defense Defense Time % Phy DF OF
1 Zdeno Chara Ryan Suter 40 1 2 2
2 Anton Volchenkov Brent Seabrook 30 1 2 2
3 Chris Phillips Andy Rogers 20 1 2 2
4 Bryce Salvador Zdeno Chara 10 1 2 2
PowerPlay Forward
Center Left Wing Right Wing Time % Phy DF OF
1 Nicklas Backstrom Thomas Vanek Jarome Iginla 60 1 2 2
2 Ryan Getzlaf Loui Eriksson Phil Kessel 40 1 2 2
PowerPlay Defense
Defense Defense Time % Phy DF OF
1 Zdeno Chara Chris Phillips 60 1 2 2
2 Anton Volchenkov Brent Seabrook 40 1 2 2
Penalty Kill 4 Players Forward
Center Wing Time % Phy DF OF
1 Ryan Getzlaf Jarome Iginla 60 1 2 2
2 Paul Stastny Chris Kunitz 40 1 2 2
Penalty Kill 4 Players Defense
Defense Defense Time % Phy DF OF
1 Zdeno Chara Chris Phillips 60 1 2 2
2 Anton Volchenkov Brent Seabrook 40 1 2 2
Penalty Kill - 3 Players Forward
Forward Time % Phy DF OF
1 Jarome Iginla 60 1 2 2
2 Nicklas Backstrom 40 1 2 2
Penalty Kill - 3 Players Defense
Defense Defense Time % Phy DF OF
1 Zdeno Chara Chris Phillips 60 1 2 2
2 Anton Volchenkov Brent Seabrook 40 1 2 2
4 vs 4 Forward
Center Wing Time % Phy DF OF
1 Jarome Iginla Nicklas Backstrom 60 1 2 2
2 Ryan Getzlaf Thomas Vanek 40 1 2 2
4 vs 4 Defense
Defense Defense Time % Phy DF OF
1 Zdeno Chara Chris Phillips 60 1 2 2
2 Anton Volchenkov Brent Seabrook 40 1 2 2
Last Minutes Offensive
Center Left Wing Right Wing Defense Defense
Nicklas Backstrom Thomas Vanek Jarome Iginla Zdeno Chara Chris Phillips
Last Minutes Defensive
Center Left Wing Right Wing Defense Defense
Nicklas Backstrom Loui Eriksson Jarome Iginla Zdeno Chara Chris Phillips
Goaltenders
Starting : Jaroslav Halak
Backup : Tim Thomas
Extra Forwards
Normal : Ales Hemsky, Phil Kessel, Adam Hall - PP : Ales Hemsky, Phil Kessel - PK : Adam Hall
Extra Defensemen
Normal : Ryan Suter, Andy Rogers, Chris Phillips - PP : Ryan Suter - PK : Andy Rogers, Chris Phillips
Penalty Shots
Jarome Iginla, Nicklas Backstrom, Ryan Getzlaf, Paul Stastny, Loui Eriksson
Stars
5 vs 5 Forward
Center Left Wing Right Wing Time % Phy DF OF
1 Henrik Sedin Daniel Sedin Alexei Morozov 40 1 2 2
2 John Tavares Patrick Sharp Shane Doan 30 1 2 2
3 Éric Belanger Ryan Malone Evgeny Artyukhin 20 1 2 2
4 Marty Reasoner Jan Hlavac Daniel Cleary 10 1 2 2
5 vs 5 Defense
Defense Defense Time % Phy DF OF
1 Pavel Kubina Matthew Spiller 40 1 2 2
2 Brendan Bell Mark Streit 30 1 2 2
3 Filip Novak Bryan Berard 20 1 2 2
4 Pavel Kubina Matthew Spiller 10 1 2 2
PowerPlay Forward
Center Left Wing Right Wing Time % Phy DF OF
1 John Tavares Patrick Sharp Alexei Morozov 50 1 2 2
2 Henrik Sedin Daniel Sedin Shane Doan 50 1 2 2
PowerPlay Defense
Defense Defense Time % Phy DF OF
1 Pavel Kubina Mark Streit 60 1 2 2
2 Matthew Spiller Bryan Berard 40 1 2 2
Penalty Kill 4 Players Forward
Center Wing Time % Phy DF OF
1 Marty Reasoner Jan Hlavac 60 1 2 2
2 Éric Belanger Daniel Cleary 40 1 2 2
Penalty Kill 4 Players Defense
Defense Defense Time % Phy DF OF
1 Brendan Bell Matthew Spiller 60 1 2 2
2 Pavel Kubina Filip Novak 40 1 2 2
Penalty Kill - 3 Players Forward
Forward Time % Phy DF OF
1 Marty Reasoner 60 1 2 2
2 Éric Belanger 40 1 2 2
Penalty Kill - 3 Players Defense
Defense Defense Time % Phy DF OF
1 Brendan Bell Matthew Spiller 60 1 2 2
2 Pavel Kubina Filip Novak 40 1 2 2
4 vs 4 Forward
Center Wing Time % Phy DF OF
1 Henrik Sedin Daniel Sedin 60 1 2 2
2 John Tavares Shane Doan 40 1 2 2
4 vs 4 Defense
Defense Defense Time % Phy DF OF
1 Pavel Kubina Mark Streit 60 1 2 2
2 Matthew Spiller Filip Novak 40 1 2 2
Last Minutes Offensive
Center Left Wing Right Wing Defense Defense
Henrik Sedin Daniel Sedin Shane Doan Pavel Kubina Mark Streit
Last Minutes Defensive
Center Left Wing Right Wing Defense Defense
Marty Reasoner Jan Hlavac Daniel Cleary Brendan Bell Matthew Spiller
Goaltenders
Starting : Pascal Leclaire
Backup : Patrick Lalime
Extra Forwards
Normal : Daniel Sedin, Patrick Sharp, Shane Doan - PP : John Tavares, Daniel Sedin - PK : Jan Hlavac
Extra Defensemen
Normal : Brendan Bell, Filip Novak, Mark Streit - PP : Pavel Kubina - PK : Matthew Spiller, Brendan Bell
Penalty Shots
Patrick Sharp, Daniel Sedin, John Tavares, Henrik Sedin, Alexei Morozov
% Time on Ice - Capitals
Lines # - Real PCT - Wanted PCT - Time Play
Normal Forward
1 - 36% - 40% - 15:23
2 - 29% - 30% - 12:19
3 - 25% - 25% - 10:29
4 - 10% - 5% - 4:14
Normal Defense
1 - 39% - 40% - 16:43
2 - 30% - 30% - 12:46
3 - 21% - 20% - 8:56
4 - 9% - 10% - 4:00
PP Forward
1 - 53% - 60% - 3:27
2 - 47% - 40% - 3:05
PP Defense
1 - 50% - 60% - 3:16
2 - 50% - 40% - 3:16
PK Forward
1 - 73% - 60% - 7:15
2 - 27% - 40% - 2:40
PK Defense
1 - 64% - 60% - 6:20
2 - 36% - 40% - 3:35
PK3 Forward
1 - 0% - 60%
2 - 0% - 40%
PK3 Defense
1 - 0% - 60%
2 - 0% - 40%
44 Forward
1 - 0% - 60%
2 - 0% - 40%
44 Defense
1 - 0% - 60%
2 - 0% - 40%
Last Minute Offensive - 1:08
Last Minute Defensive - 0:00
Total
Forward - 60:00
Defense - 60:00
|
% Time on Ice - Stars
Lines # - Real PCT - Wanted PCT - Time Play
Normal Forward
1 - 36% - 40% - 15:10
2 - 29% - 30% - 12:24
3 - 24% - 20% - 10:00
4 - 11% - 10% - 4:48
Normal Defense
1 - 43% - 40% - 18:08
2 - 33% - 30% - 14:01
3 - 20% - 20% - 8:38
4 - 4% - 10% - 1:35
PP Forward
1 - 48% - 50% - 4:46
2 - 52% - 50% - 5:09
PP Defense
1 - 59% - 60% - 5:49
2 - 41% - 40% - 4:06
PK Forward
1 - 73% - 60% - 4:47
2 - 27% - 40% - 1:45
PK Defense
1 - 54% - 60% - 3:30
2 - 46% - 40% - 3:02
PK3 Forward
1 - 0% - 60%
2 - 0% - 40%
PK3 Defense
1 - 0% - 60%
2 - 0% - 40%
44 Forward
1 - 0% - 60%
2 - 0% - 40%
44 Defense
1 - 0% - 60%
2 - 0% - 40%
Last Minute Offensive - 0:00
Last Minute Defensive - 1:11
Total
Forward - 60:00
Defense - 60:00
|
Play by Play
1st period
0:01 of 1st period - Nicklas Backstrom wins face-off versus Henrik Sedin in neutral zone.
0:28 of 1st period - Wrist shot by Evgeny Artyukhin.
0:28 of 1st period - Shot Blocked by Zdeno Chara.
0:36 of 1st period - Wrist shot by Evgeny Artyukhin.
0:36 of 1st period - Shot Misses the Net.
0:38 of 1st period - Snap shot by Ryan Malone.
0:38 of 1st period - Stopped by Jaroslav Halak without a rebound.
0:39 of 1st period - Shane Doan wins face-off versus Ryan Getzlaf in Capitals zone.
1:15 of 1st period - Snap shot by Paul Stastny.
1:15 of 1st period - Shot Misses the Net.
1:17 of 1st period - Snap shot by Ales Hemsky.
1:17 of 1st period - Shot Blocked by Pavel Kubina.
2:20 of 1st period - Wrist shot by Nicklas Backstrom.
2:20 of 1st period - Shot Misses the Net.
2:26 of 1st period - Slapshot by Chris Phillips.
2:26 of 1st period - Stopped by Pascal Leclaire without a rebound.
2:27 of 1st period - Henrik Sedin wins face-off versus Ryan Getzlaf in Stars zone.
2:32 of 1st period - Snap shot by Daniel Sedin.
2:32 of 1st period - Shot Misses the Net.
2:38 of 1st period - Daniel Sedin is hit by Ryan Suter and loses puck.
2:53 of 1st period - Ales Hemsky is hit by Matthew Spiller and loses puck.
3:18 of 1st period - Icing by Zdeno Chara.
3:19 of 1st period - Ryan Getzlaf wins face-off versus Marty Reasoner in Capitals zone.
3:19 of 1st period - Ryan Getzlaf is hit by Pavel Kubina.
3:33 of 1st period - Wrist shot by Marty Reasoner.
3:33 of 1st period - Deflect By Jan Hlavac.
3:33 of 1st period - Stopped by Jaroslav Halak without a rebound.
3:34 of 1st period - Henrik Sedin wins face-off versus Nicklas Backstrom in Capitals zone.
4:21 of 1st period - Off-side.
4:22 of 1st period - Ryan Getzlaf wins face-off versus John Tavares in neutral zone.
4:47 of 1st period - Pavel Kubina is hit by Paul Stastny.
5:30 of 1st period - Patrick Sharp is hit by Bryce Salvador and loses puck.
6:11 of 1st period - Anton Volchenkov is hit by Evgeny Artyukhin and loses puck.
6:28 of 1st period - Snap shot by Marty Reasoner.
6:28 of 1st period - Shot Misses the Net.
6:30 of 1st period - Slapshot by Matthew Spiller.
6:30 of 1st period - Shot Blocked by Brent Seabrook.
6:32 of 1st period - Slapshot by Pavel Kubina.
6:32 of 1st period - Deflect By Jan Hlavac.
6:32 of 1st period - Shot Misses the Net.
6:32 of 1st period - Puck is out of play.
6:33 of 1st period - Ryan Getzlaf wins face-off versus Marty Reasoner in Capitals zone.
6:58 of 1st period - Matthew Spiller is hit by Ales Hemsky.
7:21 of 1st period - Jarome Iginla is hit by Brendan Bell and loses puck.
7:28 of 1st period - Wrist shot by Ryan Malone.
7:28 of 1st period - Stopped by Jaroslav Halak without a rebound.
7:29 of 1st period - Henrik Sedin wins face-off versus Ryan Getzlaf in Capitals zone.
7:54 of 1st period - Pavel Kubina is hit by Nicklas Backstrom.
8:23 of 1st period - Snap shot by Shane Doan.
8:23 of 1st period - Deflect By Chris Kunitz.
8:23 of 1st period - Goal by Shane Doan - Capitals : 0 - Stars : 1.
8:24 of 1st period - Henrik Sedin wins face-off versus Nicklas Backstrom in neutral zone.
8:49 of 1st period - Matthew Spiller is hit by Loui Eriksson and loses puck.
9:44 of 1st period - Snap shot by Thomas Vanek.
9:44 of 1st period - Stopped by Pascal Leclaire with a rebound.
9:52 of 1st period - Minor Penalty to Alexei Morozov for Interference.
9:53 of 1st period - Nicklas Backstrom wins face-off versus Marty Reasoner in Stars zone.
9:54 of 1st period - Snap shot by Jarome Iginla.
9:54 of 1st period - Stopped by Pascal Leclaire without a rebound.
9:55 of 1st period - Nicklas Backstrom wins face-off versus Marty Reasoner in Stars zone.
9:56 of 1st period - Slapshot by Jarome Iginla.
9:56 of 1st period - Shot Blocked by Marty Reasoner.
9:58 of 1st period - Snap shot by Jarome Iginla.
9:58 of 1st period - Stopped by Pascal Leclaire with a rebound.
10:00 of 1st period - Wrist shot by Thomas Vanek.
10:00 of 1st period - Stopped by Pascal Leclaire with a rebound.
10:06 of 1st period - Snap shot by Nicklas Backstrom.
10:06 of 1st period - Stopped by Pascal Leclaire with a rebound.
11:52 of 1st period - Penalty to Alexei Morozov is over, Alexei Morozov is back on ice.
11:54 of 1st period - Wrist shot by Marty Reasoner.
11:54 of 1st period - Shot Blocked by Paul Stastny.
12:00 of 1st period - Pavel Kubina is hit by Ales Hemsky and loses puck.
13:12 of 1st period - Minor Penalty to Thomas Vanek for Hooking.
13:13 of 1st period - Patrick Sharp wins face-off versus Ryan Getzlaf in Capitals zone.
13:16 of 1st period - Slapshot by John Tavares.
13:16 of 1st period - Stopped by Jaroslav Halak without a rebound.
13:17 of 1st period - Ryan Getzlaf wins face-off versus John Tavares in Capitals zone.
13:25 of 1st period - Icing by Alexei Morozov.
13:26 of 1st period - Ryan Getzlaf wins face-off versus Alexei Morozov in Stars zone.
13:27 of 1st period - Slapshot by Jarome Iginla.
13:27 of 1st period - Stopped by Pascal Leclaire with a rebound.
14:02 of 1st period - Wrist shot by John Tavares.
14:02 of 1st period - Stopped by Jaroslav Halak without a rebound.
14:03 of 1st period - Henrik Sedin wins face-off versus Paul Stastny in Capitals zone.
15:12 of 1st period - Penalty to Thomas Vanek is over, Thomas Vanek is back on ice.
15:26 of 1st period - Wrist shot by Jarome Iginla.
15:26 of 1st period - Shot Misses the Net.
15:28 of 1st period - Wrist shot by Jarome Iginla.
15:28 of 1st period - Shot Blocked by Ryan Malone.
15:30 of 1st period - Snap shot by Jarome Iginla.
15:30 of 1st period - Deflect By Thomas Vanek.
15:30 of 1st period - Goal by Thomas Vanek - Capitals : 1 - Stars : 1.
15:31 of 1st period - Paul Stastny wins face-off versus Henrik Sedin in neutral zone.
16:30 of 1st period - Slapshot by Pavel Kubina.
16:30 of 1st period - Shot Misses the Net.
16:40 of 1st period - Wrist shot by Henrik Sedin.
16:40 of 1st period - Stopped by Jaroslav Halak without a rebound.
16:41 of 1st period - Ryan Getzlaf wins face-off versus Patrick Sharp in Capitals zone.
16:52 of 1st period - Off-side.
16:53 of 1st period - John Tavares wins face-off versus Nicklas Backstrom in neutral zone.
17:06 of 1st period - Snap shot by Jarome Iginla.
17:06 of 1st period - Shot Misses the Net.
17:08 of 1st period - Snap shot by Nicklas Backstrom.
17:08 of 1st period - Shot Blocked by John Tavares.
17:18 of 1st period - Shane Doan is hit by Ales Hemsky and loses puck.
17:48 of 1st period - Icing by Shane Doan.
17:49 of 1st period - John Tavares wins face-off versus Ryan Getzlaf in Stars zone.
18:31 of 1st period - Minor Penalty to Jarome Iginla for Hooking.
18:32 of 1st period - Ryan Getzlaf wins face-off versus Henrik Sedin in Capitals zone.
Goals for this period are 1 for Capitals vs 1 for Stars.
Shots for this period are 8 for Capitals vs 7 for Stars.
2nd period
0:01 of 2nd period - Henrik Sedin wins face-off versus Adam Hall in neutral zone.
0:27 of 2nd period - Patrick Sharp is hit by Ryan Getzlaf and loses puck.
0:31 of 2nd period - Penalty to Jarome Iginla is over, Jarome Iginla is back on ice.
1:30 of 2nd period - Mark Streit is hit by Anton Volchenkov and loses puck.
2:09 of 2nd period - Wrist shot by Éric Belanger.
2:09 of 2nd period - Shot Blocked by Paul Stastny.
2:58 of 2nd period - Backhand shot by Ales Hemsky.
2:58 of 2nd period - Deflect By Loui Eriksson.
2:58 of 2nd period - Shot Misses the Net.
2:58 of 2nd period - Puck is out of play.
2:59 of 2nd period - Daniel Sedin wins face-off versus Ales Hemsky in Stars zone.
3:10 of 2nd period - Snap shot by Henrik Sedin.
3:10 of 2nd period - Stopped by Jaroslav Halak with a rebound.
3:12 of 2nd period - Slapshot by Filip Novak.
3:12 of 2nd period - Shot Misses the Net.
3:14 of 2nd period - Slapshot by Daniel Sedin.
3:14 of 2nd period - Stopped by Jaroslav Halak with a rebound.
3:36 of 2nd period - Zdeno Chara is hit by Evgeny Artyukhin and loses puck.
3:47 of 2nd period - Wrist shot by John Tavares.
3:47 of 2nd period - Shot Blocked by Loui Eriksson.
4:11 of 2nd period - Snap shot by Alexei Morozov.
4:11 of 2nd period - Stopped by Jaroslav Halak with a rebound.
4:13 of 2nd period - Slapshot by Brendan Bell.
4:13 of 2nd period - Stopped by Jaroslav Halak without a rebound.
4:14 of 2nd period - Henrik Sedin wins face-off versus Nicklas Backstrom in Capitals zone.
4:15 of 2nd period - Slapshot by Daniel Sedin.
4:15 of 2nd period - Deflect By Henrik Sedin.
4:15 of 2nd period - Shot Misses the Net.
4:15 of 2nd period - Puck is out of play.
4:16 of 2nd period - Nicklas Backstrom wins face-off versus Henrik Sedin in Capitals zone.
4:44 of 2nd period - Wrist shot by Phil Kessel.
4:44 of 2nd period - Stopped by Pascal Leclaire without a rebound.
4:45 of 2nd period - John Tavares wins face-off versus Ryan Getzlaf in Stars zone.
4:49 of 2nd period - Off-side.
4:50 of 2nd period - Henrik Sedin wins face-off versus Thomas Vanek in neutral zone.
5:17 of 2nd period - Evgeny Artyukhin is hit by Ryan Getzlaf and loses puck.
5:24 of 2nd period - Slapshot by Loui Eriksson.
5:24 of 2nd period - Stopped by Pascal Leclaire without a rebound.
5:25 of 2nd period - John Tavares wins face-off versus Phil Kessel in Stars zone.
5:25 of 2nd period - John Tavares is hit by Loui Eriksson.
6:24 of 2nd period - Snap shot by Paul Stastny.
6:24 of 2nd period - Shot Misses the Net.
6:26 of 2nd period - Slapshot by Chris Phillips.
6:26 of 2nd period - Deflect By Pavel Kubina.
6:26 of 2nd period - Goal by Chris Phillips - Capitals : 2 - Stars : 1.
6:27 of 2nd period - Nicklas Backstrom wins face-off versus Henrik Sedin in neutral zone.
6:40 of 2nd period - Wrist shot by Nicklas Backstrom.
6:40 of 2nd period - Stopped by Pascal Leclaire without a rebound.
6:41 of 2nd period - Nicklas Backstrom wins face-off versus Henrik Sedin in Stars zone.
7:29 of 2nd period - Snap shot by Chris Kunitz.
7:29 of 2nd period - Goal by Chris Kunitz - Capitals : 3 - Stars : 1.
7:30 of 2nd period - Henrik Sedin wins face-off versus Nicklas Backstrom in neutral zone.
7:30 of 2nd period - Daniel Sedin is hit by Thomas Vanek and loses puck.
7:43 of 2nd period - Wrist shot by Nicklas Backstrom.
7:43 of 2nd period - Shot Misses the Net.
7:44 of 2nd period - Minor Penalty to Zdeno Chara for Interference.
7:45 of 2nd period - John Tavares wins face-off versus Ryan Getzlaf in Capitals zone.
9:44 of 2nd period - Penalty to Zdeno Chara is over, Zdeno Chara is back on ice.
9:54 of 2nd period - Jan Hlavac is hit by Zdeno Chara.
9:58 of 2nd period - Wrist shot by Zdeno Chara.
9:58 of 2nd period - Deflect By Éric Belanger.
9:58 of 2nd period - Stopped by Pascal Leclaire with a rebound.
10:00 of 2nd period - Snap shot by Loui Eriksson.
10:00 of 2nd period - Shot Blocked by Éric Belanger.
10:02 of 2nd period - Wrist shot by Loui Eriksson.
10:02 of 2nd period - Shot Misses the Net.
10:04 of 2nd period - Slapshot by Anton Volchenkov.
10:04 of 2nd period - Shot Misses the Net.
10:27 of 2nd period - Snap shot by Éric Belanger.
10:27 of 2nd period - Deflect By Jan Hlavac.
10:27 of 2nd period - Shot Blocked by Brent Seabrook.
10:27 of 2nd period - Puck is out of play.
10:28 of 2nd period - Nicklas Backstrom wins face-off versus Henrik Sedin in Capitals zone.
10:33 of 2nd period - Slapshot by Alexei Morozov.
10:33 of 2nd period - Stopped by Jaroslav Halak with a rebound.
10:35 of 2nd period - Slapshot by Daniel Sedin.
10:35 of 2nd period - Shot Misses the Net.
10:37 of 2nd period - Slapshot by Matthew Spiller.
10:37 of 2nd period - Deflect By Henrik Sedin.
10:37 of 2nd period - Stopped by Jaroslav Halak with a rebound.
10:47 of 2nd period - Ales Hemsky is hit by Shane Doan and loses puck.
10:54 of 2nd period - Paul Stastny is hit by John Tavares and loses puck.
11:04 of 2nd period - Icing by John Tavares.
11:05 of 2nd period - John Tavares wins face-off versus Ryan Getzlaf in Stars zone.
11:16 of 2nd period - Mark Streit is hit by Ryan Suter and loses puck.
11:31 of 2nd period - Wrist shot by Nicklas Backstrom.
11:31 of 2nd period - Deflect By Thomas Vanek.
11:31 of 2nd period - Stopped by Pascal Leclaire without a rebound.
11:32 of 2nd period - Éric Belanger wins face-off versus Nicklas Backstrom in Stars zone.
11:32 of 2nd period - Éric Belanger is hit by Thomas Vanek.
12:03 of 2nd period - Minor Penalty to Brent Seabrook for Slashing.
12:04 of 2nd period - Ryan Getzlaf wins face-off versus Henrik Sedin in Capitals zone.
12:28 of 2nd period - Mark Streit is hit by Paul Stastny and loses puck.
12:35 of 2nd period - Slapshot by Pavel Kubina.
12:35 of 2nd period - Shot Hit the Post.
13:13 of 2nd period - Wrist shot by Chris Kunitz.
13:13 of 2nd period - Shot Hit the Post.
14:01 of 2nd period - Adam Hall is hit by Patrick Sharp and loses puck.
14:03 of 2nd period - Penalty to Brent Seabrook is over, Brent Seabrook is back on ice.
14:14 of 2nd period - Snap shot by Marty Reasoner.
14:14 of 2nd period - Shot Misses the Net.
14:36 of 2nd period - Snap shot by Adam Hall.
14:36 of 2nd period - Shot Misses the Net.
14:52 of 2nd period - Icing by Éric Belanger.
14:53 of 2nd period - Paul Stastny wins face-off versus Marty Reasoner in Stars zone.
14:54 of 2nd period - Wrist shot by Chris Kunitz.
14:54 of 2nd period - Shot Blocked by Mark Streit.
14:56 of 2nd period - Snap shot by Chris Kunitz.
14:56 of 2nd period - Shot Misses the Net.
15:42 of 2nd period - Slapshot by Shane Doan.
15:42 of 2nd period - Shot Blocked by Zdeno Chara.
15:48 of 2nd period - Snap shot by Adam Hall.
15:48 of 2nd period - Shot Misses the Net.
15:54 of 2nd period - Slapshot by Pavel Kubina.
15:54 of 2nd period - Shot Blocked by Paul Stastny.
16:15 of 2nd period - Off-side.
16:16 of 2nd period - Henrik Sedin wins face-off versus Ryan Getzlaf in neutral zone.
16:25 of 2nd period - Slapshot by Henrik Sedin.
16:25 of 2nd period - Stopped by Jaroslav Halak with a rebound.
16:27 of 2nd period - Snap shot by Alexei Morozov.
16:27 of 2nd period - Shot Misses the Net.
16:29 of 2nd period - Snap shot by Pavel Kubina.
16:29 of 2nd period - Stopped by Jaroslav Halak with a rebound.
17:02 of 2nd period - Wrist shot by Evgeny Artyukhin.
17:02 of 2nd period - Shot Misses the Net.
17:04 of 2nd period - Slapshot by Ryan Malone.
17:04 of 2nd period - Goal by Ryan Malone - Capitals : 3 - Stars : 2.
17:05 of 2nd period - Henrik Sedin wins face-off versus Nicklas Backstrom in neutral zone.
17:19 of 2nd period - Wrist shot by Alexei Morozov.
17:19 of 2nd period - Shot Blocked by Thomas Vanek.
17:21 of 2nd period - Backhand shot by Pavel Kubina.
17:21 of 2nd period - Shot Misses the Net.
17:40 of 2nd period - Snap shot by Phil Kessel.
17:40 of 2nd period - Shot Misses the Net.
17:42 of 2nd period - Snap shot by Phil Kessel.
17:42 of 2nd period - Deflect By Ryan Getzlaf.
17:42 of 2nd period - Stopped by Pascal Leclaire without a rebound.
17:43 of 2nd period - Henrik Sedin wins face-off versus Paul Stastny in Stars zone.
17:45 of 2nd period - Minor Penalty to Daniel Sedin for Hooking.
17:46 of 2nd period - Jarome Iginla wins face-off versus Marty Reasoner in Stars zone.
18:16 of 2nd period - Wrist shot by Chris Phillips.
18:16 of 2nd period - Stopped by Pascal Leclaire with a rebound.
18:18 of 2nd period - Wrist shot by Phil Kessel.
18:18 of 2nd period - Shot Misses the Net.
18:20 of 2nd period - Slapshot by Chris Phillips.
18:20 of 2nd period - Deflect By Brendan Bell.
18:20 of 2nd period - Stopped by Pascal Leclaire without a rebound.
18:21 of 2nd period - Marty Reasoner wins face-off versus Jarome Iginla in Stars zone.
18:30 of 2nd period - Filip Novak is hit by Jarome Iginla and loses puck.
19:45 of 2nd period - Penalty to Daniel Sedin is over, Daniel Sedin is back on ice.
19:55 of 2nd period - Chris Kunitz is hit by Alexei Morozov.
Goals for this period are 2 for Capitals vs 1 for Stars.
Shots for this period are 10 for Capitals vs 9 for Stars.
3rd period
0:01 of 3rd period - Nicklas Backstrom wins face-off versus Henrik Sedin in neutral zone.
0:04 of 3rd period - Slapshot by Nicklas Backstrom.
0:04 of 3rd period - Goal by Nicklas Backstrom - Capitals : 4 - Stars : 2.
0:04 of 3rd period - Patrick Lalime enters game.
0:05 of 3rd period - Nicklas Backstrom wins face-off versus Henrik Sedin in neutral zone.
0:39 of 3rd period - Snap shot by John Tavares.
0:39 of 3rd period - Stopped by Jaroslav Halak with a rebound.
1:52 of 3rd period - Off-side.
1:53 of 3rd period - Éric Belanger wins face-off versus Ryan Getzlaf in neutral zone.
2:00 of 3rd period - Snap shot by Éric Belanger.
2:00 of 3rd period - Shot Blocked by Zdeno Chara.
2:06 of 3rd period - Wrist shot by Ryan Getzlaf.
2:06 of 3rd period - Stopped by Patrick Lalime without a rebound.
2:07 of 3rd period - Henrik Sedin wins face-off versus Nicklas Backstrom in Stars zone.
2:48 of 3rd period - Slapshot by Alexei Morozov.
2:48 of 3rd period - Shot Misses the Net.
2:50 of 3rd period - Snap shot by Henrik Sedin.
2:50 of 3rd period - Goal by Henrik Sedin - Capitals : 4 - Stars : 3.
2:51 of 3rd period - John Tavares wins face-off versus Nicklas Backstrom in neutral zone.
3:16 of 3rd period - Brendan Bell is hit by Ryan Getzlaf and loses puck.
3:45 of 3rd period - Chris Kunitz is hit by Alexei Morozov.
3:53 of 3rd period - Snap shot by Chris Kunitz.
3:53 of 3rd period - Shot Blocked by Daniel Sedin.
5:22 of 3rd period - Éric Belanger is hit by Nicklas Backstrom and loses puck.
5:45 of 3rd period - Snap shot by John Tavares.
5:45 of 3rd period - Shot Blocked by Andy Rogers.
5:47 of 3rd period - Snap shot by John Tavares.
5:47 of 3rd period - Goal by John Tavares - Capitals : 4 - Stars : 4.
5:48 of 3rd period - Nicklas Backstrom wins face-off versus Henrik Sedin in neutral zone.
5:55 of 3rd period - Wrist shot by Nicklas Backstrom.
5:55 of 3rd period - Shot Misses the Net.
5:57 of 3rd period - Minor Penalty to Alexei Morozov for Hooking.
5:58 of 3rd period - Jarome Iginla wins face-off versus Marty Reasoner in Stars zone.
6:11 of 3rd period - Snap shot by Jarome Iginla.
6:11 of 3rd period - Deflect By Thomas Vanek.
6:11 of 3rd period - Stopped by Patrick Lalime without a rebound.
6:12 of 3rd period - Nicklas Backstrom wins face-off versus Marty Reasoner in Stars zone.
6:18 of 3rd period - Snap shot by Nicklas Backstrom.
6:18 of 3rd period - Stopped by Patrick Lalime without a rebound.
6:19 of 3rd period - Jan Hlavac wins face-off versus Nicklas Backstrom in Stars zone.
6:32 of 3rd period - Snap shot by Thomas Vanek.
6:32 of 3rd period - Goal by Thomas Vanek - Capitals : 5 - Stars : 4.
6:33 of 3rd period - Nicklas Backstrom wins face-off versus Henrik Sedin in neutral zone.
6:38 of 3rd period - Slapshot by Zdeno Chara.
6:38 of 3rd period - Deflect By Thomas Vanek.
6:38 of 3rd period - Shot Blocked by Pavel Kubina.
6:38 of 3rd period - Puck is out of play.
6:39 of 3rd period - Thomas Vanek wins face-off versus Henrik Sedin in Stars zone.
7:20 of 3rd period - Minor Penalty to Shane Doan for Hooking.
7:21 of 3rd period - Marty Reasoner wins face-off versus Nicklas Backstrom in Stars zone.
7:26 of 3rd period - Snap shot by Matthew Spiller.
7:26 of 3rd period - Stopped by Jaroslav Halak with a rebound.
7:29 of 3rd period - Icing by Zdeno Chara.
7:30 of 3rd period - Marty Reasoner wins face-off versus Nicklas Backstrom in Capitals zone.
7:37 of 3rd period - Wrist shot by Jarome Iginla.
7:37 of 3rd period - Shot Blocked by Brendan Bell.
7:39 of 3rd period - Wrist shot by Nicklas Backstrom.
7:39 of 3rd period - Stopped by Patrick Lalime with a rebound.
7:41 of 3rd period - Slapshot by Zdeno Chara.
7:41 of 3rd period - Stopped by Patrick Lalime with a rebound.
7:57 of 3rd period - Snap shot by Nicklas Backstrom.
7:57 of 3rd period - Stopped by Patrick Lalime without a rebound.
7:58 of 3rd period - Marty Reasoner wins face-off versus Ryan Getzlaf in Stars zone.
8:04 of 3rd period - Icing by Loui Eriksson.
8:05 of 3rd period - Marty Reasoner wins face-off versus Ryan Getzlaf in Capitals zone.
8:55 of 3rd period - Slapshot by Phil Kessel.
8:55 of 3rd period - Shot Misses the Net.
8:57 of 3rd period - Slapshot by Brent Seabrook.
8:57 of 3rd period - Shot Blocked by Éric Belanger.
8:59 of 3rd period - Snap shot by Phil Kessel.
8:59 of 3rd period - Shot Blocked by Filip Novak.
9:01 of 3rd period - Snap shot by Brent Seabrook.
9:01 of 3rd period - Shot Blocked by Pavel Kubina.
9:13 of 3rd period - Snap shot by Ryan Getzlaf.
9:13 of 3rd period - Stopped by Patrick Lalime without a rebound.
9:14 of 3rd period - Marty Reasoner wins face-off versus Nicklas Backstrom in Stars zone.
9:20 of 3rd period - Penalty to Shane Doan is over, Shane Doan is back on ice.
9:42 of 3rd period - Chris Phillips is hit by Brendan Bell and loses puck.
10:43 of 3rd period - Wrist shot by Henrik Sedin.
10:43 of 3rd period - Shot Blocked by Chris Kunitz.
10:45 of 3rd period - Slapshot by Bryan Berard.
10:45 of 3rd period - Stopped by Jaroslav Halak with a rebound.
10:47 of 3rd period - Snap shot by Daniel Sedin.
10:47 of 3rd period - Deflect By Chris Kunitz.
10:47 of 3rd period - Shot Misses the Net.
10:47 of 3rd period - Puck is out of play.
10:48 of 3rd period - John Tavares wins face-off versus Ryan Getzlaf in Capitals zone.
10:58 of 3rd period - Snap shot by Phil Kessel.
10:58 of 3rd period - Shot Blocked by John Tavares.
11:00 of 3rd period - Slapshot by Brent Seabrook.
11:00 of 3rd period - Stopped by Patrick Lalime with a rebound.
11:38 of 3rd period - Icing by Matthew Spiller.
11:39 of 3rd period - Phil Kessel wins face-off versus Éric Belanger in Stars zone.
12:08 of 3rd period - Wrist shot by Jarome Iginla.
12:08 of 3rd period - Shot Misses the Net.
12:20 of 3rd period - Snap shot by Pavel Kubina.
12:20 of 3rd period - Shot Misses the Net.
12:45 of 3rd period - Snap shot by Loui Eriksson.
12:45 of 3rd period - Stopped by Patrick Lalime without a rebound.
12:46 of 3rd period - Ryan Getzlaf wins face-off versus Henrik Sedin in Stars zone.
12:56 of 3rd period - Off-side.
12:57 of 3rd period - Henrik Sedin wins face-off versus Nicklas Backstrom in neutral zone.
13:04 of 3rd period - Snap shot by Henrik Sedin.
13:04 of 3rd period - Stopped by Jaroslav Halak with a rebound.
13:06 of 3rd period - Snap shot by Daniel Sedin.
13:06 of 3rd period - Shot Misses the Net.
13:08 of 3rd period - Snap shot by Alexei Morozov.
13:08 of 3rd period - Goal by Alexei Morozov - Capitals : 5 - Stars : 5.
13:09 of 3rd period - Nicklas Backstrom wins face-off versus Henrik Sedin in neutral zone.
13:40 of 3rd period - Wrist shot by John Tavares.
13:40 of 3rd period - Shot Misses the Net.
13:42 of 3rd period - Snap shot by Patrick Sharp.
13:42 of 3rd period - Shot Misses the Net.
14:20 of 3rd period - Wrist shot by Ryan Malone.
14:20 of 3rd period - Deflect By Éric Belanger.
14:20 of 3rd period - Stopped by Jaroslav Halak with a rebound.
14:22 of 3rd period - Slapshot by Filip Novak.
14:22 of 3rd period - Stopped by Jaroslav Halak without a rebound.
14:23 of 3rd period - Henrik Sedin wins face-off versus Nicklas Backstrom in Capitals zone.
14:24 of 3rd period - Slapshot by Alexei Morozov.
14:24 of 3rd period - Shot Blocked by Adam Hall.
14:26 of 3rd period - Snap shot by Daniel Sedin.
14:26 of 3rd period - Shot Blocked by Andy Rogers.
14:28 of 3rd period - Slapshot by Matthew Spiller.
14:28 of 3rd period - Stars goal is going for a video replay.
14:28 of 3rd period - The goal is good.
14:28 of 3rd period - Goal by Matthew Spiller - Capitals : 5 - Stars : 6.
14:29 of 3rd period - Nicklas Backstrom wins face-off versus Henrik Sedin in neutral zone.
14:45 of 3rd period - Snap shot by Nicklas Backstrom.
14:45 of 3rd period - Deflect By Thomas Vanek.
14:45 of 3rd period - Shot Misses the Net.
14:45 of 3rd period - Puck is out of play.
14:46 of 3rd period - John Tavares wins face-off versus Ryan Getzlaf in Stars zone.
14:51 of 3rd period - Slapshot by Pavel Kubina.
14:51 of 3rd period - Shot Blocked by Ryan Suter.
14:59 of 3rd period - Wrist shot by Ryan Suter.
14:59 of 3rd period - Stopped by Patrick Lalime with a rebound.
15:01 of 3rd period - Wrist shot by Phil Kessel.
15:01 of 3rd period - Shot Misses the Net.
15:21 of 3rd period - Snap shot by Evgeny Artyukhin.
15:21 of 3rd period - Stopped by Jaroslav Halak without a rebound.
15:22 of 3rd period - Nicklas Backstrom wins face-off versus Marty Reasoner in Capitals zone.
15:22 of 3rd period - Nicklas Backstrom is hit by Daniel Cleary.
15:28 of 3rd period - Snap shot by Marty Reasoner.
15:28 of 3rd period - Stopped by Jaroslav Halak without a rebound.
15:29 of 3rd period - Marty Reasoner wins face-off versus Thomas Vanek in Capitals zone.
15:32 of 3rd period - Snap shot by Jan Hlavac.
15:32 of 3rd period - Stopped by Jaroslav Halak without a rebound.
15:33 of 3rd period - Paul Stastny wins face-off versus Éric Belanger in Capitals zone.
15:33 of 3rd period - Paul Stastny is hit by Evgeny Artyukhin.
16:00 of 3rd period - Minor Penalty to Thomas Vanek for Hooking.
16:01 of 3rd period - Ryan Getzlaf wins face-off versus John Tavares in Capitals zone.
16:01 of 3rd period - Ryan Getzlaf is hit by Pavel Kubina.
18:00 of 3rd period - Penalty to Thomas Vanek is over, Thomas Vanek is back on ice.
18:34 of 3rd period - Loui Eriksson is hit by Brendan Bell and loses puck.
18:43 of 3rd period - Slapshot by Pavel Kubina.
18:43 of 3rd period - Stopped by Jaroslav Halak with a rebound.
19:02 of 3rd period - Filip Novak is hit by Nicklas Backstrom and loses puck.
19:09 of 3rd period - Andy Rogers is hit by Marty Reasoner and loses puck.
Goals for this period are 2 for Capitals vs 4 for Stars.
Shots for this period are 12 for Capitals vs 14 for Stars.
Output by the SimonT Hockey Simulator (STHS) for François Prévost -- Original Page W3C XHTML 1.0 Valid